 Dungeon Crawl Stone Soup version 0.18.1-48-g4cf74bf (webtiles) character file.

6988 HEYYEYAAE the Frost Mage (level 10, -27/83 HPs)
             Began as a Black Draconian Ice Elementalist on Aug 27, 2016.
             Was a High Priest of Okawaru.
             Annihilated by a white ugly thing (32 damage)
             ... on level 11 of the Dungeon.
             The game lasted 00:23:33 (12087 turns).

HEYYEYAAE the Frost Mage (DrIE)                    Turns: 12087, Time: 00:23:33

Health: -27/83     AC: 12    Str:  6 (11) XL:     10   Next: 81%
Magic:  3/17       EV: 13    Int: 18 (19) God:    Okawaru [*****.]
Gold:   270        SH:  0    Dex:  6 (11) Spells: 3 memorised, 16 levels left

rFire  . . .     SeeInvis .     e - +5 quarterstaff (venom)
rCold  . . .     Gourm    +     (armour unavailable)
rNeg   . . .     Faith    .     (shield currently unavailable)
rPois  +         Spirit   .     (helmet restricted)
rElec  +         Dismiss  .     k - +2 cloak {MR+}
rCorr  .         Reflect  .     z - +0 pair of gloves
SustAt +         Harm     .     y - +0 pair of boots {Stlth+}
MR     +....                    E - amulet of the gourmand
Stlth  ++........               C - ring of sustain attributes
                                x - ring of poison resistance

@: slowed, very slow, somewhat resistant to hostile enchantments, unstealthy
A: breathe lightning, unfitting armour, big wings, horns 1, deterioration 2, low
mp 2, electricity resistance, cold-blooded, AC +7
a: Breathe Lightning, Fly, Heroism, Finesse, Renounce Religion


You were on level 11 of the Dungeon.
You worshipped Okawaru.
Okawaru was extremely pleased with you.
You were very full.

You visited 1 branch of the dungeon, and saw 11 of its levels.

You collected 641 gold pieces.
You spent 371 gold pieces at shops.

Inventory:

Hand Weapons
 d - a +6 quarterstaff
 e - a +5 quarterstaff of venom (weapon)
 n - a +0 vampiric whip
 u - a +2 mace of holy wrath
 B - a +3 dagger of draining
Armour
 k - a +2 cloak of magic resistance (worn)
 w - a +0 pair of boots
 y - a +0 pair of boots of stealth (worn)
 z - a +0 pair of gloves (worn)
Magical Staves
 h - an uncursed staff of poison {unknown}
Jewellery
 x - a ring of poison resistance (left hand)
 C - a ring of sustain attributes (right hand)
 E - an amulet of the gourmand (around neck)
 G - an uncursed ring of resist corrosion
Wands
 c - a wand of flame (25/48)
 f - a wand of flame (0/48)
 g - a wand of iceblast (0/15)
 l - a wand of enslavement (0/24)
 r - a wand of digging (15/24)
 s - a wand of iceblast (0/15)
 F - a wand of acid (0/15)
 L - a wand of digging (12/24)
Scrolls
 i - 3 scrolls of remove curse
 j - a scroll of enchant armour
 o - a scroll of fog
 q - a scroll of brand weapon
 t - a scroll of immolation
 A - a scroll of magic mapping {unknown}
 H - a scroll of amnesia {unknown}
Potions
 v - 2 potions of berserk rage
 I - a potion of curing
Books
 a - a book of Frost

   Spells                             Type                      Level
   a - Freeze                         Ice                          1
   b - Throw Frost                    Conjuration/Ice              2
   c - Ozocubu's Armour               Charms/Ice                   3
   d - Throw Icicle                   Conjuration/Ice              4
   e - Summon Ice Beast               Ice/Summoning                4
 p - a book of Party Tricks

   Spells                             Type                      Level
   a - Summon Butterflies             Summoning                    1
   b - Apportation                    Translocation                1
   c - Tukima's Dance                 Hexes                        3
   d - Alistair's Intoxication        Transmutation/Poison         5
   e - Invisibility                   Hexes                        6
 J - a Necronomicon

   Spells                             Type                      Level
   a - Haunt                          Necromancy/Summoning         7
   b - Borgnjor's Revivification      Necromancy                   8
   c - Death's Door                   Charms/Necromancy            8
   d - Necromutation                  Transmutation/Necromancy     8
Comestibles
 b - 7 bread rations
 m - 6 meat rations
 D - 3 slices of pizza


   Skills:
 + Level 6.0 Fighting
 + Level 5.2 Staves
 + Level 5.8 Dodging
 - Level 1.7 Stealth
 * Level 8.1 Spellcasting
 - Level 1.0 Conjurations
 * Level 9.2 Ice Magic
 + Level 5.6 Evocations


You had 16 spell levels left.
You knew the following spells:

 Your Spells              Type           Power        Failure   Level  Hunger
a - Freeze                Ice            ####         1%          1    None
b - Throw Icicle          Conj/Ice       ####....     14%         4    ###....
c - Summon Ice Beast      Ice/Summ       ###.....     17%         4    ###....


Dungeon Overview and Level Annotations

Branches:
Dungeon (11/15)            Temple (0/1) D:5            Lair (0/8) D:10
    Orc: D:9-12

Altars:
Dithmenos
Gozag
Okawaru
Pakellas
Ru
Sif Muna
Xom
Yredelemnul

Shops:
D:9 [   D:10 =

Annotations:
D:5 exclusion: oklob sapling


Innate Abilities, Weirdness & Mutations

You can breathe wild blasts of lightning.
Your glossy black scales are hard (AC +7).
Your body does not fit into most forms of armour.
You are resistant to electric shocks.
You are cold-blooded and may be slowed by cold attacks.
Your large and strong wings let you fly indefinitely.
You have a pair of small horns on your head.
Your body often deteriorates upon taking damage.
Your magical capacity is very low (-20% MP).


Message History

The white ugly thing engulfs you!
Your body deteriorates!
You feel weakened for a moment. The white ugly thing freezes you!!
You feel yourself slow down.
There is an open door here.
You hit the white ugly thing but do no damage.
The white ugly thing looks even sicker.
The white ugly thing is lightly wounded.
The white ugly thing engulfs you. The white ugly thing freezes you!!
* * * LOW HITPOINT WARNING * * *
Your body deteriorates!
You feel dopey for a moment.
You feel yourself speed up.
There is an open door here.
The white ugly thing engulfs you!
* * * LOW HITPOINT WARNING * * *
Your body deteriorates!
You feel weakened for a moment. The white ugly thing freezes you!!
You feel yourself slow down.
You die...

........# #........###
........###...)......#
<....>..#..........#.#
..>.....+.#........#...
........# #........#
#.# ........#
#........# .. ........#
#........# ........#
#........# ######+##
######@### ##u# #.Y#
##+ #####'#### ....
#........# .....
#...)))..#
...[..###..).....#
...>..'.#........+
......#.'........#


You could see a white ugly thing and an ice beast.

Vanquished Creatures
  The ghost of Joat the Sneak, a novice OpIE of Sif Muna (D:6)
  An elephant (D:10)
  A troll (D:9)
  Joseph (D:8)
  A human (D:7)
  A hog (D:7)
  A steam dragon (D:9)
  A hippogriff (D:10)
  Menkaure (D:5)
  A soldier ant (D:10)
  A water moccasin (D:9)
  3 sky beasts
  An ice beast (D:10)
  2 slaves (D:9)
  3 orc warriors
  2 black bears
  4 ogres
  A wasp (D:7)
  5 centaurs
  A phantom (D:10)
  A crocodile (D:10)
  Blork the orc (D:5)
  3 giant frogs
  A big kobold (D:8)
  A wyvern zombie (D:6)
  A scorpion (D:3)
  A howler monkey (D:5)
  A giant frog zombie (D:8)
  3 crimson imps
  A wasp zombie (D:9)
  4 hounds
  2 jellies
  Crazy Yiuf (D:2)
  9 orc priests
  3 centaur skeletons
  2 iguanas
  Jessica (D:2)
  Ijyb (D:2)
  Natasha (thrice) (D:4 D:6)
  Terence (D:3)
  7 worker ants
  15 orc wizards
  2 sheep (D:7)
  A killer bee zombie (D:10)
  A hound zombie (D:6)
  3 hound skeletons
  Robin (D:2)
  12 gnolls
  14 adders
  2 shadow imps
  2 oozes (D:2)
  An adder skeleton (D:4)
  A dart slug (D:3)
  5 giant geckos
  55 orcs
  5 giant cockroaches
  17 goblins
  12 hobgoblins
  13 jackals
  9 kobolds
  2 quokkas (D:5)
  A ball python (D:2)
  7 bats
  A giant gecko skeleton (D:6)
  A giant gecko zombie (D:5)
  6 giant newts
  10 rats
  A plant (D:5)
281 creatures vanquished.

Vanquished Creatures (collateral kills)
  Pikel (D:9)
  A yak (D:10)
  2 hungry ghosts
  An orc warrior (D:10)
  2 slaves (D:9)
  A black bear (D:10)
  A crocodile (D:10)
  2 orc wizards (D:10)
  A sheep (D:10)
  A gnoll (D:6)
  A shadow imp (D:9)
  2 orcs
16 creatures vanquished.

Vanquished Creatures (others)
  A wyvern skeleton (D:6)
  A gnoll (D:6)
  2 plants (D:5)
4 creatures vanquished.

Grand Total: 301 creatures vanquished

Notes
Turn   | Place    | Note
--------------------------------------------------------------
     0 | D:1      | HEYYEYAAE the Draconian Ice Elementalist began the quest for the Orb.
     0 | D:1      | Reached XP level 1. HP: 14/14 MP: 3/3
   269 | D:1      | Reached XP level 2. HP: 4/22 MP: 0/5
  1104 | D:1      | Reached skill level 1 in Fighting
  1294 | D:2      | Reached XP level 3. HP: 27/28 MP: 3/6
  1324 | D:2      | Noticed Robin
  1407 | D:2      | Killed Robin
  1483 | D:2      | Noticed Jessica
  1491 | D:2      | Killed Jessica
  1491 | D:2      | Reached XP level 4. HP: 4/36 MP: 4/8
  1804 | D:2      | Noticed Ijyb
  1827 | D:2      | Killed Ijyb
  1952 | D:2      | Reached skill level 4 in Ice Magic
  2182 | D:2      | Reached XP level 5. HP: 38/41 MP: 5/9
  2392 | D:2      | Found an iron altar of Okawaru.
  2585 | D:2      | Noticed Crazy Yiuf
  2594 | D:2      | Killed Crazy Yiuf
  3106 | D:2      | Became a worshipper of Warmaster Okawaru
  3176 | D:3      | Reached XP level 6. HP: 50/50 MP: 11/11
  3363 | D:3      | Noticed Terence
  3374 | D:3      | Killed Terence
  3374 | D:3      | Reached skill level 1 in Staves
  3780 | D:4      | Noticed Natasha
  3795 | D:4      | Killed Natasha
  3795 | D:4      | Reached skill level 1 in Evocations
  3796 | D:4      | Reached * piety under Okawaru
  3900 | D:4      | Reached skill level 5 in Ice Magic
  4090 | D:4      | Your scales start taking on a glossy black colour.
  4090 | D:4      | Reached XP level 7. HP: 53/56 MP: 13/13
  4090 | D:4      | Gained mutation: You are resistant to electric shocks. [Black Draconian growth]
  4673 | D:5      | Entered Level 5 of the Dungeon
  4751 | D:5      | Noticed Blork the orc
  4754 | D:5      | Killed Blork the orc
  4856 | D:5      | Found a staircase to the Ecumenical Temple.
  5309 | D:5      | Reached XP level 8. HP: 63/63 MP: 15/15
  5536 | D:5      | Noticed Menkaure
  5947 | D:4      | Reached skill level 6 in Ice Magic
  6011 | D:5      | Killed Menkaure
  6011 | D:5      | Reached skill level 5 in Spellcasting
  6304 | D:6      | Noticed Joat's ghost (novice OpIE)
  6351 | D:6      | Killed Joat's ghost
  6351 | D:6      | Reached ** piety under Okawaru
  6362 | D:6      | Noticed Natasha
  6365 | D:6      | Killed Natasha
  6650 | D:6      | Noticed Natasha
  6658 | D:6      | Killed Natasha
  6667 | D:6      | Learned a level 4 spell: Throw Icicle
  6672 | D:6      | Learned a level 4 spell: Summon Ice Beast
  6742 | D:6      | Found a deep blue altar of Sif Muna.
  6949 | D:6      | Found a basalt altar of Yredelemnul.
  6955 | D:6      | Found a sacrificial altar of Ru.
  6955 | D:6      | Found an opulent altar of Gozag.
  6966 | D:6      | Found a shimmering altar of Xom.
  6970 | D:6      | Found a shadowy altar of Dithmenos.
  7099 | D:7      | Reached XP level 9. HP: 62/71 MP: 17/17
  7101 | D:7      | Reached *** piety under Okawaru
  7160 | D:7      | Reached skill level 7 in Ice Magic
  8495 | D:8      | Reached skill level 5 in Dodging
  8496 | D:8      | Gained mutation: Your large and strong wings let you fly indefinitely. [mutagenic meat]
  8499 | D:8      | Gained mutation: Your body sometimes deteriorates upon taking damage. [mutagenic meat]
  8500 | D:8      | Gained mutation: You have a pair of small horns on your head. [mutagenic meat]
  8501 | D:8      | Gained mutation: Your body often deteriorates upon taking damage. [mutagenic meat]
  8502 | D:8      | Gained mutation: Your magical capacity is low (-10% MP). [mutagenic meat]
  8821 | D:8      | Noticed Joseph
  8829 | D:8      | Reached skill level 5 in Fighting
  8842 | D:8      | Killed Joseph
  8842 | D:8      | Reached **** piety under Okawaru
  8842 | D:8      | Reached skill level 8 in Ice Magic
  9294 | D:9      | Reached XP level 10. HP: 42/81 MP: 5/18
  9525 | D:9      | Noticed Pikel
  9544 | D:9      | Killed Pikel
  9921 | D:9      | Found Haront's Armour Emporium.
  9966 | D:9      | Bought a +0 pair of boots of stealth for 161 gold pieces
  9991 | D:9      | Reached skill level 5 in Evocations
 10015 | D:9      | Found an oddly glowing altar of Pakellas.
 10368 | D:10     | Entered Level 10 of the Dungeon
 10371 | D:10     | Found Facutuq's Jewellery Emporium.
 10612 | D:10     | Reached ***** piety under Okawaru
 11161 | D:10     | Noticed an elephant
 11162 | D:10     | Found a staircase to the Lair.
 11193 | D:10     | Killed an elephant
 11193 | D:10     | Reached skill level 5 in Staves
 11193 | D:10     | Reached skill level 9 in Ice Magic
 11826 | D:10     | Bought an uncursed ring of sustain attributes for 210 gold pieces
 11920 | D:11     | Gained mutation: Your magical capacity is very low (-20% MP). [mutagenic meat]
 12072 | D:11     | Noticed a white ugly thing
 12087 | D:11     | Annihilated by a white ugly thing

Skill      XL: |  1  2  3  4  5  6  7  8  9 10 |
---------------+-------------------------------+-----
Dodging        | 2 3 4 5 |  5.8
Fighting       | 1 2 3 4 5 6 |  6.0
Spellcasting   | 3 4 5 7 8 |  8.1
Ice Magic      | 4 5 6 8 9 |  9.2
Staves         | 1 2 3 4 5 |  5.2
Evocations     | 1 2 3 4 5 |  5.6
Stealth        | |  1.7
Conjurations   | |  1.0

Action                   |  1- 3 |  4- 6 |  7- 9 | 10-12 || total
-------------------------+-------+-------+-------+-------++-------
Melee: Unarmed           |    77 |    78 |       |       ||   155
       Tailslap          |     8 |    14 |    24 |    10 ||    56
       Quarterstaff      |       |    99 |   322 |   237 ||   658
       Headbutt          |       |       |     5 |    19 ||    24
 Cast: Freeze            |    42 |    55 |    20 |       ||   117
       Throw Icicle      |       |       |     9 |    27 ||    36
       Summon Ice Beast  |       |       |     2 |    17 ||    19
Invok: Heroism           |       |       |     1 |       ||     1
 Abil: Breathe Lightning |       |       |     1 |       ||     1
       Fly               |       |       |     1 |       ||     1
       Stop Flying       |       |       |     1 |       ||     1
Evoke: Wand              |       |       |    11 |     6 ||    17
  Use: Potion            |     1 |     1 |    13 |     3 ||    18
       Scroll            |       |       |     8 |    10 ||    18
 Stab: Sleeping          |       |     4 |     3 |     1 ||     8
       Petrifying        |       |       |     2 |       ||     2
       Distracted        |       |       |     1 |     2 ||     3
       Paralysed         |       |       |       |     1 ||     1
  Eat: Chunk             |     2 |     9 |    13 |    25 ||    49
       Bread ration      |       |       |     1 |       ||     1
       Royal jelly       |       |       |     1 |       ||     1
       Pizza             |       |       |     1 |     3 ||     4
       Meat ration       |       |       |     1 |       ||     1
       Beef jerky        |       |       |       |     3 ||     3
Armor: Skin              |    36 |    68 |   170 |   137 ||   411
Dodge: Dodged            |    79 |   128 |   250 |   179 ||   636
